 Dungeon Crawl Stone Soup version 0.16-a0-3909-g31f9ca0 (console) character file.

415 Monkaria the Cleaver (level 6, -7/56 HPs)
             Began as a Hill Orc Fighter on Feb 3, 2015.
             Mangled by Pikel
             ... wielding a +2 whip of electrocution
              (19 damage)
             ... on level 4 of the Dungeon.
             The game lasted 00:04:58 (2385 turns).

Monkaria the Cleaver (Hill Orc Fighter)             Turns: 2385, Time: 00:04:58

Health: -7/56      AC: 12    Str: 21    XL:     6   Next: 91%
Magic:  6/6        EV:  7    Int:  8    God:
Gold:   192        SH:  9    Dex: 10    Spells: 0 memorised, 5 levels left

rFire  . . .     SeeInvis +     a - +0 war axe
rCold  . . .     Clarity  .     b - +0 scale mail
rNeg   . . .     SustAb   .     c - +0 shield
rPois  .         Gourm    .     x - +2 helmet {SInv}
rElec  .         Spirit   .     z - +0 cloak
rCorr  .         Warding  .     (no gloves)
rMut   .         Stasis   .     r - +0 pair of boots
MR     .....                    (no amulet)
Stlth  ..........               (no ring)
                                (no ring)

@: not resistant to hostile enchantments, extremely unstealthy
A: no striking features
a: no special abilities


You were on level 4 of the Dungeon.
You were not hungry.

You visited 1 branch of the dungeon, and saw 4 of its levels.

You collected 192 gold pieces.

Inventory:

Hand weapons
 a - a +0 war axe (weapon)
Missiles
 t - 3 poisoned needles
Armour
 b - a +0 scale mail (worn)
 c - a +0 shield (worn)
 r - a +0 pair of boots (worn)
 x - a +2 helmet of see invisible (worn)
 z - a +0 cloak (worn)
Jewellery
 i - an uncursed ring of ice
 C - an uncursed amulet of rage {unknown}
Magical devices
 y - a wand of enslavement (8)
Scrolls
 f - 2 scrolls of teleportation {unknown}
 h - 2 scrolls of enchant armour {unknown}
 j - 4 scrolls of identify {unknown}
 n - a scroll of amnesia {unknown}
 p - a scroll of noise {unknown}
 q - a scroll of enchant weapon {unknown}
 v - a scroll of fear {unknown}
 B - a scroll of random uselessness {unknown}
Potions
 e - a potion of might
 g - a potion of curing {unknown}
 k - 4 potions of agility {unknown}
 l - 2 potions of haste {unknown}
 m - a potion of degeneration {unknown}
 o - 3 potions of restore abilities {unknown}
 w - a potion of poison {unknown}
 A - a potion of experience {unknown}
Comestibles
 d - a meat ration
 s - 2 beef jerkies
 u - 8 chunks of flesh


   Skills:
 - Level 5.0 Fighting
 * Level 8.6 Axes
 - Level 3.2 Armour
 - Level 3.2 Shields


You had 5 spell levels left.
You didn't know any spells.

Dungeon Overview and Level Annotations

Branches:
Dungeon (4/15)
 Temple: D:4-7

Altars:
Ashenzari

Annotations:
D:4 Pikel


Message History

Your shield prevents you from hitting Pikel.
Pikel is moderately wounded.
Pikel hits you but does no damage.
You barely miss Pikel.
Pikel is moderately wounded.
Pikel zaps a wand.
The bolt of cold hits you!
You hit Pikel.
Pikel is moderately wounded.
Pikel says, "Slavery isn't that bad."
Pikel zaps a wand.
The bolt of cold hits you!
* * * LOW HITPOINT WARNING * * *
You barely miss Pikel.
Pikel is moderately wounded.
You block Pikel's attack.
Drink which item? (? for menu, Esc to quit)
Okay, then.
You closely miss Pikel.
Pikel is moderately wounded.
Pikel hits you but does no damage.
You are electrocuted!
You die...

##..#########
##....#
##.........###.....#
##..######.....#..#
#### #######..# #..#
#..# #..# ######..#
..#######@......#
..........K...###
.............##
..##.......##
##......##
#####...## ###..##
##..## ##.[##


You could see Pikel.

Vanquished Creatures
  4 slaves (D:3)
  An ogre (D:3)
  Sigmund (D:2)
  The ghost of xsansara the Sneak, an average OpAr of Makhleb (D:3)
  Crazy Yiuf (D:2)
  Jessica (D:2)
  3 adders
  3 gnolls (D:3)
  A giant mite (D:2)
  2 worms (D:2)
  2 giant geckos
  2 oozes
  An orc (D:3)
  6 bats
  5 giant cockroaches
  6 hobgoblins
  3 jackals (D:2)
  6 kobolds
  A quokka (D:3)
  A ball python (D:2)
  6 giant newts
  10 goblins
  A quokka skeleton (D:4)
  10 rats
78 creatures vanquished.

Notes
Turn   | Place    | Note
--------------------------------------------------------------
     0 | D:1      | Monkaria, the Hill Orc Fighter, began the quest for the Orb.
     0 | D:1      | Reached XP level 1. HP: 19/19 MP: 1/1
    90 | D:1      | Reached XP level 2. HP: 22/27 MP: 2/2
   353 | D:1      | Reached skill level 4 in Fighting
   504 | D:1      | Reached XP level 3. HP: 33/33 MP: 3/3
   823 | D:2      | Noticed Sigmund
  1031 | D:2      | Noticed Jessica
  1045 | D:2      | Killed Jessica
  1045 | D:2      | Reached XP level 4. HP: 20/41 MP: 4/4
  1209 | D:2      | Killed Sigmund
  1209 | D:2      | Reached skill level 5 in Fighting
  1209 | D:2      | Reached skill level 5 in Axes
  1209 | D:2      | Reached XP level 5. HP: 33/48 MP: 5/5
  1303 | D:2      | Reached skill level 6 in Axes
  1340 | D:2      | Noticed Crazy Yiuf
  1346 | D:2      | Killed Crazy Yiuf
  1646 | D:3      | Reached skill level 7 in Axes
  1646 | D:3      | Reached XP level 6. HP: 42/56 MP: 6/6
  1662 | D:3      | Found a shattered altar of Ashenzari.
  1688 | D:3      | Noticed xsansara's ghost (average OpAr)
  1708 | D:3      | Killed xsansara's ghost
  2038 | D:4      | Reached skill level 8 in Axes
  2112 | D:4      | Noticed Pikel
  2385 | D:4      | Mangled by Pikel

Action                   |  1- 3 |  4- 6 || total
-------------------------+-------+-------++-------
Melee: War axe           |   165 |   148 ||   313
  Eat: Chunk             |     1 |     4 ||     5
